 Dungeon Crawl Stone Soup version 0.29-a0-384-g6960b1960d (webtiles) character file.

Game seed: 2659859160503074054

247 ytrimaz the Insei (level 5, 0/41 HPs)
             Began as a Demonspawn Monk on May 6, 2022.
             Slain by a kobold brigand
             ... wielding a +0 dagger
              (5 damage)
             ... on level 4 of the Dungeon.
             The game lasted 00:02:55 (3492 turns).

ytrimaz the Insei (Demonspawn Monk)                 Turns: 3492, Time: 00:02:55

Health: 0/41       AC:  5    Str: 14    XL:     5   Next: 85%
Magic:  5/5        EV: 13    Int: 11    God:
Gold:   133        SH:  0    Dex: 15    Spells: 4/4 levels left

rFire   . . .      SeeInvis .     - Unarmed
rCold   . . .      Faith    .   (no shield)
rNeg    . . .      Spirit   .   a - +0 robe
rPois   .          Reflect  .   (no helmet)
rElec   .          Harm     .   (no cloak)
rCorr   .          Rampage  .   c - +0 pair of gloves
Will    .....                   (no boots)
Stlth   ++........              (no amulet)
HPRegen 0.13/turn               (no ring)
MPRegen 0.09/turn               (no ring)

@: lethally poisoned (0 -> -3)
A: thin metallic scales 1, foul stench 1
a: no special abilities


You were on level 4 of the Dungeon.
You visited 1 branch of the dungeon, and saw 4 of its levels.

You collected 133 gold pieces.

Inventory:

Missiles
 d - 5 silver boomerangs (quivered)
Armour
 a - a +0 robe (worn)
 c - a +0 pair of gloves (worn)
 r - a +0 plate armour
Jewellery
 o - a ring of poison resistance
Scrolls
 e - a scroll of magic mapping
 j - 2 scrolls of poison
 l - a scroll of blinking
 n - a scroll of amnesia
 p - a scroll of identify
Potions
 b - a potion of ambrosia
 f - a potion of heal wounds {unknown}
 g - 3 potions of curing
 h - a potion of magic {unknown}
 i - 2 potions of resistance {unknown}
 k - 2 potions of cancellation {unknown}
 m - a potion of brilliance {unknown}
 q - a potion of degeneration {unknown}


   Skills:
 + Level 3.5 Fighting
 + Level 4.0 Dodging
 + Level 2.6 Stealth
 + Level 4.5 Unarmed Combat


You had 4 spell levels left.
You didn't know any spells.
Your spell library was empty.

Dungeon Overview and Level Annotations

Branches:
Dungeon (4/15)
 Temple: D:4-7

Altars:


Innate Abilities, Weirdness & Mutations

You are partially covered in thin metallic scales. (AC +2)
You may rarely emit foul miasma when damaged in melee.


Message History

You hit the adder.
The adder is almost dead.
You feel sick. The adder closely misses you.
The kobold brigand hits you with a +0 dagger.
You completely miss the adder.
The adder is almost dead.
You feel sick. The adder closely misses you.
The kobold brigand hits you with a +0 dagger.
You are too injured to fight recklessly!
You barely miss the adder.
The adder is almost dead.
You feel sick.
You are no longer poisoned.
The adder misses you.
The kobold brigand hits you but does no damage.
The adder bites you.
You barely miss the adder.
The adder is almost dead.
The adder bites you.
You are poisoned.
The adder poisons you!
The kobold brigand hits you with a +0 dagger.
Unknown command.
You hit the adder.
You kill the adder!
You feel sick.
The kobold brigand hits you with a +0 dagger.
* * * LOW HITPOINT WARNING * * *
Unknown command.
You hit the kobold brigand.
The kobold brigand is lightly wounded.
You feel sick.
You closely miss the kobold brigand.
The kobold brigand is lightly wounded.
You feel sick. The kobold brigand misses you.
You hit the kobold brigand.
The kobold brigand is lightly wounded.
You feel sick.
The kobold brigand hits you with a +0 dagger.
You die...

###.####'#########+#
#............
#............
#............
#............
#............
###+#######............
...........############
......†@...#
....<..K...#
...........#
...........#
...........#
##+#########


You could see a kobold brigand.

Vanquished Creatures
  The ghost of osinmv the Digger, an amateur DEEE of Ru (D:3)
  A bullfrog (D:3)
  A hound (D:3)
  3 adders
  A dart slug (D:1)
  An orc (D:2)
  3 bats (D:1)
  4 endoplasms
  4 giant cockroaches
  6 goblins
  3 hobgoblins (D:1)
  6 jackals (D:1)
  4 quokkas
  3 ball pythons
  A frilled lizard (D:1)
  6 kobolds
  3 rats
51 creatures vanquished.

Notes
Turn   | Place    | Note
-------+----------+-------------------------------------------
     0 | D:1      | ytrimaz the Demonspawn Monk began the quest for the Orb.
     0 | D:1      | Reached XP level 1. HP: 18/18 MP: 1/1
   193 | D:1      | Gained mutation: You are partially covered in thin metallic
                  | scales. (AC +2) [demonic ancestry]
   193 | D:1      | Reached XP level 2. HP: 24/24 MP: 2/2
   324 | D:1      | You fall into a shaft and drop 1 floor!
   346 | D:2      | Identified the +5 dagger "Reutyik" {holy, rF+ Will+ Stlth-}
   468 | D:2      | Reached XP level 3. HP: 23/29 MP: 3/3
  2398 | D:3      | Reached XP level 4. HP: 32/35 MP: 4/4
  2475 | D:3      | Noticed a bullfrog
  2498 | D:3      | HP: 1/35 [bullfrog (2)]
  2499 | D:3      | Killed a bullfrog
  2854 | D:3      | Gained mutation: You may rarely emit foul miasma when
                  | damaged in melee. [demonic ancestry]
  2854 | D:3      | Reached XP level 5. HP: 30/41 MP: 5/5
  2962 | D:3      | Found a transporter.
  2971 | D:3      | Noticed osinmv's ghost (amateur DEEE)
  2982 | D:3      | Found a transporter.
  3148 | D:3      | Killed osinmv's ghost
  3492 | D:4      | Slain by a kobold brigand

Illustrated notes

Levels and vault maps discovered:
D:1:      dpeg_arrival_castle, layout_basic
D:2:      layout_loops_cross
D:3:      layout_rooms, gammafunk_ghost_arena
D:4:      layout_gridville, minmay_temple_entry_hall, uniq_pikel

Skill      XL: |  1  2  3  4  5 |
---------------+----------------+-----
Unarmed Combat | 3 4 |  4.5
Dodging        | 3 4 |  4.0
Stealth        | 2 |  2.6
Fighting       | |  3.5

Action                   |  1- 3 |  4- 6 || total
-------------------------+-------+-------++-------
Melee: Unarmed           |   200 |    69 ||   269
       Punch             |     7 |     2 ||     9
  Use: Scroll            |     6 |     1 ||     7
       Potion            |     1 |       ||     1
 Stab: Sleeping          |     7 |       ||     7
Armor: Robe              |    64 |    19 ||    83
Dodge: Dodged            |   142 |    45 ||   187

Table legend: (Time is in decaauts)
 A = Elapsed time spent in this place.
 B = Non-inter-level travel time spent in this place.
 C = Inter-level travel time spent in this place.
 D = Time resting spent in this place.
 E = Time spent auto-exploring this place.
 F = Levels seen in this place.
 G = Mean time per level.
                   A        B        C        D        E       F      G
               +--------+--------+--------+--------+--------+-----+--------+
         Total |   3478 |   3382 |     96 |    740 |   2036 |   4 |  869.5 |
       Dungeon |   3478 |   3382 |     96 |    740 |   2036 |   4 |  869.5 |
               +--------+--------+--------+--------+--------+-----+--------+

Top non-repeatable levels by time:
     D:1: 1493 daAuts
     D:3: 1061 daAuts
     D:2: 877 daAuts
     D:4: 45 daAuts
